 Dungeon Crawl Stone Soup version 0.29.0 (webtiles) character file.

Game seed: 11776563531643290114

1124 malesh the Chiller (level 8, -3/56 HPs)
             Began as a Merfolk Ice Elementalist on Sept 1, 2022.
             Slain by a two-headed ogre
             ... wielding a +0 giant club
              (24 damage)
             ... on level 5 of the Dungeon.
             The game lasted 00:22:00 (6600 turns).

malesh the Chiller (Merfolk Ice Elementalist)       Turns: 6600, Time: 00:22:01

Health: -3/56      AC: 13    Str:  8    XL:     8   Next: 35%
Magic:  10/16      EV: 13    Int: 16    God:
Gold:   289        SH:  0    Dex: 15    Spells: 9/18 levels left

rFire   . . .      SeeInvis .   a - +0 spear (elec)
rCold   . . .      Faith    .   (no shield)
rNeg    . . .      Spirit   .   o - +0 robe
rPois   +          Reflect  .   j - +2 hat
rElec   .          Harm     .   h - +1 cloak
rCorr   .          Rampage  .   (no gloves)
Will    .....                   (no boots)
Stlth   +++.......              (no amulet)
HPRegen 0.18/turn               i - ring of poison resistance
MPRegen 0.15/turn               (no ring)

@: ice-armoured, freezing walls, studying Shields
A: (nimble swimmer 2), mertail
a: no special abilities


You were on level 5 of the Dungeon.
You visited 1 branch of the dungeon, and saw 5 of its levels.

You collected 289 gold pieces.

Inventory:

Hand Weapons
 a - a +0 spear of electrocution (weapon)
Missiles
 w - 2 throwing nets
Armour
 h - a +1 cloak (worn)
 j - a +2 hat (worn)
 o - a +0 robe (worn)
Jewellery
 i - a ring of poison resistance (left hand)
 u - a ring of fire
Wands
 g - a wand of polymorph (7)
Scrolls
 c - a scroll of poison
 m - 2 scrolls of blinking
 t - a scroll of fog
 v - 2 scrolls of brand weapon
Potions
 b - a potion of magic
 d - 2 potions of curing
 f - a potion of might {unknown}
 k - 2 potions of resistance
 r - a potion of degeneration {unknown}
 s - a potion of haste {unknown}
 x - a potion of attraction {unknown}


   Skills:
 + Level 2.0 Fighting
 + Level 3.1 Polearms
 + Level 4.1 Dodging
 + Level 4.3 Stealth
 + Level 5.5 Spellcasting
 + Level 7.5 Ice Magic


You had 9 spell levels left.
You knew the following spells:

 Your Spells              Type           Power      Damage    Failure   Level
a - Freeze                Ice            100%       1d11      1%          1
b - Frozen Ramparts       Ice            56%        1d9       1%          3
c - Ozocubu's Armour      Ice            28%        N/A       1%          3
d - Wereblood             Tmut           4%         N/A       22%         2

Your spell library contained the following spells:

 Spells                   Type           Power      Damage    Failure   Level
 Sublimation of Blood     Necr           4%         N/A       22%         2
 Hailstorm                Conj/Ice       16%        3d6       30%         4
 Fireball                 Conj/Fire      2%         3d4       99%         5
 Dispersal                Tloc           2%         N/A       100%        6
 Starburst                Conj/Fire      2%         6d3       100%        6
 Summon Hydra             Summ           2%         N/A       100%        7
 Disjunction              Tloc           2%         N/A       100%        8
 Ignition                 Fire           2%         3d3       100%        8


Dungeon Overview and Level Annotations

Branches:
Dungeon (5/15)
 Temple: D:4-7

Altars:
Dithmenos
Okawaru
Qazlal
Wu Jian
Xom
Yredelemnul
Zin

Shops:
D:2 :

Annotations:
D:2 1 runed translucent door, Crazy Yiuf


Innate Abilities, Weirdness & Mutations

((You are very nimble when in or above water. (Stealth+, EV+, Speed+++)))
Your lower body shifts to a powerful aquatic tail in water.


Message History

You start waiting.
A two-headed ogre is nearby!
Casting: Frozen Ramparts (safe; 1% risk of failure)
Confirm with . or Enter, or press ? or * to list all spells.
Casting: Frozen Ramparts (safe; 1% risk of failure)
Press: ? - help, Dir - look around, f - activate The walls around you are covered in ice.
The wall freezes the two-headed ogre.
Casting: Frozen Ramparts (safe; 1% risk of failure)
Confirm with . or Enter, or press ? or * to list all spells.
A film of ice covers your body!
The wall freezes the two-headed ogre.
The two-headed ogre hits you with a +0 giant club!!
The two-headed ogre closely misses you.
Casting: Ozocubu's Armour (safe; 1% risk of failure)
Confirm with . or Enter, or press ? or * to list all spells.
Okay, then.
Unknown command.
Casting: Ozocubu's Armour (safe; 1% risk of failure)
Confirm with . or Enter, or press ? or * to list all spells.
Aiming: Freeze (safe; 1% risk of failure)
Press: ? - help, Shift-Dir - straight line, f - two-headed ogre
Aim: a two-headed ogre, wielding a +0 giant club and a +0 giant spiked club (lightly wounded)
You freeze the two-headed ogre.
The two-headed ogre is lightly wounded.
Unknown command.
You hit the two-headed ogre but do no damage.
The two-headed ogre is lightly wounded.
The wall freezes the two-headed ogre.
The two-headed ogre misses you. x2
You barely miss the two-headed ogre.
The two-headed ogre is moderately wounded.
You hit the two-headed ogre. You punch the two-headed ogre.
The two-headed ogre is heavily wounded.
The wall freezes the two-headed ogre but does no damage.
The two-headed ogre barely misses you. x2
You hit the two-headed ogre but do no damage.
The two-headed ogre is heavily wounded.
The wall freezes the two-headed ogre but does no damage.
The two-headed ogre hits you with a +0 giant club!
The two-headed ogre hits you with a +0 giant spiked club!!
You die...

..>..........##.....# #..........
...................## ##...#..###
.......##.####.....# #..##### #
...#..##...##......######.### #
.########.####.....##.......#####
.. .....#..##..#.#........#.#.##.
... #.....##..####.####..##....#.
##..#.....##...O.#..##...###.....
#..O.?...#..##@...##...##......
.>....O.....#.........####....
....#.............##รท)####....
.....#......#.........#..#....
..#.##..#..###.......)......).
.......##.. ##......#........
##......##..# #....###...##...
....#..##... #...##.....##...
..##.. .#................##


You could see a two-headed ogre.

Vanquished Creatures
  Sigmund (D:3)
  A steam dragon (D:4)
  A black bear (D:4)
  A phantom (D:5)
  A scorpion (D:5)
  2 howler monkeys
  A jelly (D:5)
  3 hounds
  An orc priest (D:5)
  An iguana (D:5)
  Robin (D:3)
  11 gnolls
  12 adders
  A white imp (D:5)
  2 ufetubi
  3 dart slugs
  11 orcs
  7 ball pythons
  A bat (D:3)
  5 endoplasms
  A giant cockroach (D:1)
  13 goblins
  18 hobgoblins
  5 jackals
  4 kobolds
  7 quokkas
  3 frilled lizards
  4 rats
122 creatures vanquished.

Vanquished Creatures (others)
  A withered plant (D:3)
1 creature vanquished.

Grand Total: 123 creatures vanquished

Notes
Turn   | Place    | Note
-------+----------+-------------------------------------------
     0 | D:1      | malesh the Merfolk Ice Elementalist began the quest for the
                  | Orb.
     0 | D:1      | Reached XP level 1. HP: 13/13 MP: 3/3
   454 | D:1      | Reached XP level 2. HP: 19/19 MP: 1/5
   805 | D:1      | Found a faded altar of an unknown god.
   827 | D:1      | Reached skill level 5 in Ice Magic
   951 | D:1      | Reached XP level 3. HP: 20/24 MP: 0/6
  1046 | D:1      | Learned a level 3 spell: Frozen Ramparts
  1653 | D:2      | Reached XP level 4. HP: 27/30 MP: 4/8
  1866 | D:2      | Found a stormy altar of Qazlal.
  2170 | D:2      | Found Saja's Vocational Training.
  2375 | D:2      | Found a runed translucent door.
  2376 | D:2      | Noticed Crazy Yiuf
  2650 | D:2      | Learned a level 3 spell: Ozocubu's Armour
  2795 | D:3      | Found a basalt altar of Yredelemnul.
  3078 | D:3      | Noticed Sigmund
  3115 | D:3      | Killed Sigmund
  3116 | D:3      | Reached skill level 6 in Ice Magic
  3116 | D:3      | Reached XP level 5. HP: 29/35 MP: 0/11
  3116 | D:3      | Reached XP level 6. HP: 34/41 MP: 0/12
  3390 | D:3      | Noticed Robin
  3397 | D:3      | Killed Robin
  3496 | D:3      | Found a shadowy altar of Dithmenos.
  3539 | D:3      | Found a shimmering altar of Xom.
  3540 | D:3      | Noticed an angel
  3545 | D:3      | Found a glowing silver altar of Zin.
  3917 | D:4      | Found an ornate altar of the Wu Jian Council.
  4149 | D:4      | Reached skill level 1 in Polearms
  4149 | D:4      | Reached XP level 7. HP: 42/47 MP: 9/13
  4265 | D:4      | Noticed a steam dragon
  4271 | D:4      | Killed a steam dragon
  4272 | D:4      | Reached skill level 1 in Fighting
  4794 | D:4      | Learned a level 2 spell: Wereblood
  5082 | D:5      | Entered Level 5 of the Dungeon
  5232 | D:5      | Reached skill level 7 in Ice Magic
  5456 | D:5      | Reached skill level 5 in Spellcasting
  5467 | D:5      | Reached XP level 8. HP: 53/56 MP: 9/15
  5511 | D:5      | Found an iron altar of Okawaru.
  5936 | D:5      | Noticed a two-headed ogre
  6600 | D:5      | Slain by a two-headed ogre

Illustrated notes

Levels and vault maps discovered:
D:1:      saegor_arrival_simple_d, layout_basic,
          shapermc_ecumenical_altar_starsandcircs, minmay_misc_feat_doors,
          minmay_heptomino_w4
D:2:      layout_basic, basic_altar, nicolae_shop_vocational,
          uniq_crazy_yiuf_cottage
D:3:      layout_rooms, grunt_temple_overflow_order_and_chaos_1,
          nicolae_dithmenos_shadow_blocks, yredelemnul_altar_generic,
          uniq_sigmund, uniq_robin
D:4:      black_bear_nest_2, layout_loops_corners, nicolae_wu_jian_wuxing_cycle,
          minmay_fractal_squares_diagonal_5
D:5:      layout_cave_pools, mainiacjoe_overflow_concentric_impassable

Skill      XL: |  1  2  3  4  5  6  7  8 |
---------------+-------------------------+-----
Ice Magic      | 5 6 7 |  7.5
Spellcasting   | 4 5 |  5.5
Dodging        | 3 4 |  4.1
Stealth        | 3 4 |  4.3
Polearms       | 1 2 3 |  3.1
Fighting       | 1 2 |  2.0

Action                   |  1- 3 |  4- 6 |  7- 9 || total
-------------------------+-------+-------+-------++-------
Melee: Unarmed           |    27 |    11 |       ||    38
       Spear             |       |    30 |    78 ||   108
       Punch             |       |       |     1 ||     1
 Cast: Freeze            |    50 |    49 |    19 ||   118
       Frozen Ramparts   |       |    13 |    17 ||    30
       Ozocubu's Armour  |       |     2 |     2 ||     4
  Use: Scroll            |       |     1 |    10 ||    11
 Stab: Sleeping          |       |     3 |     5 ||     8
Armor: Robe              |    13 |    21 |    24 ||    58
Dodge: Dodged            |    48 |    66 |    50 ||   164
